Nordiques vs Bruins
(R2)
Created - 31 mai 2013 at 19:11
Goals
|
| Nordiques |
0 |
1 |
1 |
2 |
| Bruins |
0 |
1 |
2 |
3 |
|
Shots
|
| Nordiques |
2 |
7 |
24 |
33 |
| Bruins |
3 |
3 |
11 |
17 |
|
1st period
No Goal
Penalties :
Brian Gionta (Que) for Hooking (Minor) at 7:06
2nd period
1. Nordiques , Rene Bourque 4 (Dany Heatley, Stephen Weiss) at 13:12 (PP)
2. Bruins , Jeff Carter 1 (Vitali Yachmenev, Andrew Alberts) at 13:51
Penalties :
Eric Lindros (Bos) for Hooking (Minor) at 3:14, Matt Pettinger (Que) for Tripping (Minor) at 5:15, Wayne Primeau (Bos) for Tripping (Minor) at 13:08
3rd period
3. Bruins , Eric Lindros 6 (Wojtek Wolski, Daniel Briere) at 1:13
4. Nordiques , Karel Pilar 2 (Dany Heatley, Stephen Weiss) at 12:13 (PP)
5. Bruins , Wojtek Wolski 4 (Zdeno Chara) at 14:42 (PP)
Penalties :
Jeff Carter (Bos) for Hooking (Minor) at 5:24, Christoph Schubert (Bos) for High sticking (Minor) at 8:53, Zdeno Chara (Bos) for Interference (Minor) at 11:11, Matt Pettinger (Que) for Boarding (Minor) at 14:32, Dany Heatley (Que) for Tripping (Minor) at 18:58
Goalie Stats
Roberto Luongo (Que), 14 saves from 17 shots - (0,824), L, 5-1-1, 60:00 minutes
Evgeni Nabokov (Bos), 31 saves from 33 shots - (0,939), W, 4-1-0, 60:00 minutes
Players Stats for Nordiques
Player Name G A P +/- PIM S H SB GA TA FO MP PP MP PK MP
------------------------------------------------------------------------------------
Alexei Ponikarovsky 0 0 0 0 0 0 2 0 0 0 0/0 7:54 0:00 1:04
Brian Gionta 0 0 0 -1 2 3 1 1 0 1 0/0 19:01 3:23 0:00
Chris Phillips 0 0 0 -2 0 0 0 3 1 0 0/0 25:47 3:58 2:37
Cory Sarich 0 0 0 0 0 0 1 0 0 0 0/0 8:59 0:00 0:00
Dany Heatley 0 2 2 -1 2 1 5 0 0 0 4/4 23:07 3:40 2:12
Dave Scatchard 0 0 0 0 0 2 0 0 0 0 3/4 14:55 0:00 2:13
Eric Brewer 0 0 0 -2 0 2 3 0 0 0 0/0 25:36 3:58 2:37
Ian Moran 0 0 0 0 0 0 0 0 0 0 0/0 8:54 0:00 0:00
Jan Hejda 0 0 0 0 0 0 0 0 0 0 0/0 5:48 0:00 0:00
Karel Pilar 1 0 1 0 0 1 0 1 0 1 0/0 19:42 3:05 2:32
Kris Vernarsky 0 0 0 -1 0 6 1 0 1 0 6/10 19:37 3:23 0:22
Lubomir Visnovsky 0 0 0 0 0 4 1 1 0 2 0/0 19:42 3:05 2:32
Matt Pettinger 0 0 0 0 4 0 2 1 0 2 0/0 13:23 0:00 0:39
Mike Cammalleri 0 0 0 -1 0 6 0 1 0 0 0/1 20:06 3:23 1:22
Nick Schultz 0 0 0 0 0 0 0 0 0 0 0/0 5:48 0:00 0:00
Rene Bourque 1 0 1 -1 0 5 4 0 1 1 2/2 23:51 3:40 2:26
Stephen Weiss 0 2 2 -1 0 3 0 0 1 0 13/26 19:15 3:40 0:00
Valeri Bure 0 0 0 0 0 0 1 1 0 0 0/0 13:22 0:00 0:00
Players Stats for Bruins
Player Name G A P +/- PIM S H SB GA TA FO MP PP MP PK MP
------------------------------------------------------------------------------------
Andrew Alberts 0 1 1 1 0 0 3 1 1 0 0/0 27:05 2:42 4:22
Christoph Schubert 0 0 0 0 2 0 1 0 0 0 0/0 13:42 0:00 0:44
Daniel Briere 0 1 1 1 0 1 2 1 1 0 1/1 25:34 2:41 5:00
Eric Lindros 1 0 1 1 2 3 2 0 3 2 13/30 23:27 2:52 3:48
Jeff Carter 1 0 1 1 2 2 3 1 1 0 1/7 20:04 2:17 0:48
Joe Corvo 0 0 0 1 0 3 2 1 0 0 0/0 19:52 2:27 2:41
Matt Cooke 0 0 0 0 0 2 4 0 0 0 0/2 13:14 0:00 1:10
Matt Hendricks 0 0 0 0 0 0 0 0 0 0 0/0 1:19 0:00 0:30
Michael Ryder 0 0 0 0 0 1 1 0 0 0 0/0 11:12 0:11 0:00
Richard Lintner 0 0 0 0 0 0 1 0 1 1 0/0 12:59 0:00 0:00
Ryan O'Byrne 0 0 0 1 0 0 0 0 0 0 0/0 20:03 2:27 2:41
Scott Hartnell 0 0 0 1 0 2 1 0 0 0 1/1 19:25 2:17 0:24
Scottie Upshall 0 0 0 0 0 0 2 0 0 0 0/0 5:49 0:00 0:00
Victor Oreskovich 0 0 0 0 0 0 0 0 0 0 0/0 1:25 0:00 0:00
Vitali Yachmenev 0 1 1 1 0 0 3 0 0 0 0/0 18:41 2:17 0:00
Wayne Primeau 0 0 0 0 2 1 1 0 0 0 2/4 12:16 0:00 1:13
Wojtek Wolski 1 1 2 1 0 2 2 1 0 0 1/2 20:21 2:52 1:13
Zdeno Chara 0 1 1 1 2 0 2 2 0 1 0/0 26:24 2:42 3:38
3 Stars
1 - Wojtek Wolski (Bos)
2 - Jeff Carter (Bos)
3 - Rene Bourque (Que)
Power Play
Nordiques - 2 on 5 Attempt(s) - 40,00%
Bruins - 1 on 4 Attempt(s) - 25,00%
Penalty Kill
Nordiques - 3 on 4 Attempt(s) - 75,00%
- Score 0 goal in Penalty Kill
Bruins - 3 on 5 Attempt(s) - 60,00%
- Score 0 goal in Penalty Kill
Official
Referees : Joannette Marc and McCauley Wes
Linesman : Derek Amell and Mike Cvik
Game Notes
No Game Note
Finance
Level 1 -- Attendance: 6000 (100,00%) -- Ticket Income 594 000 $
Level 2 -- Attendance: 5000 (100,00%) -- Ticket Income 295 000 $
Level 3 -- Attendance: 2000 (100,00%) -- Ticket Income 58 000 $
Level 4 -- Attendance: 4000 (100,00%) -- Ticket Income 76 000 $
Luxury Box -- Attendance: 909 (90,90%) -- Ticket Income 171 801 $
Game was played at the TD Banknorth Garden
Total Attendance: 17909 (99,49%)
Total Ticket Income: 1 194 801 $
Other Income: 59 740 $
Total Income: 1 254 541 $
Nordiques
5 vs 5 Forward
Center Left Wing Right Wing Time % Phy DF OF
1 Stephen Weiss Dany Heatley Rene Bourque 40 1 2 2
2 Kris Vernarsky Mike Cammalleri Brian Gionta 30 1 2 2
3 Dave Scatchard Matt Pettinger Valeri Bure 20 1 2 2
4 Dany Heatley Alexei Ponikarovsky Rene Bourque 10 1 2 2
5 vs 5 Defense
Defense Defense Time % Phy DF OF
1 Chris Phillips Eric Brewer 40 1 2 2
2 Lubomir Visnovsky Karel Pilar 30 1 2 2
3 Cory Sarich Ian Moran 20 1 2 2
4 Nick Schultz Jan Hejda 10 1 2 2
PowerPlay Forward
Center Left Wing Right Wing Time % Phy DF OF
1 Stephen Weiss Dany Heatley Rene Bourque 60 1 2 2
2 Kris Vernarsky Mike Cammalleri Brian Gionta 40 1 2 2
PowerPlay Defense
Defense Defense Time % Phy DF OF
1 Chris Phillips Eric Brewer 60 1 2 2
2 Lubomir Visnovsky Karel Pilar 40 1 2 2
Penalty Kill 4 Players Forward
Center Wing Time % Phy DF OF
1 Dany Heatley Rene Bourque 60 1 2 2
2 Mike Cammalleri Matt Pettinger 40 1 2 2
Penalty Kill 4 Players Defense
Defense Defense Time % Phy DF OF
1 Chris Phillips Eric Brewer 60 1 2 2
2 Lubomir Visnovsky Karel Pilar 40 1 2 2
Penalty Kill - 3 Players Forward
Forward Time % Phy DF OF
1 Dany Heatley 60 1 2 2
2 Rene Bourque 40 1 2 2
Penalty Kill - 3 Players Defense
Defense Defense Time % Phy DF OF
1 Chris Phillips Eric Brewer 60 1 2 2
2 Lubomir Visnovsky Karel Pilar 40 1 2 2
4 vs 4 Forward
Center Wing Time % Phy DF OF
1 Dany Heatley Rene Bourque 60 1 2 2
2 Mike Cammalleri Matt Pettinger 40 1 2 2
4 vs 4 Defense
Defense Defense Time % Phy DF OF
1 Chris Phillips Eric Brewer 60 1 2 2
2 Lubomir Visnovsky Karel Pilar 40 1 2 2
Last Minutes Offensive
Center Left Wing Right Wing Defense Defense
Stephen Weiss Dany Heatley Rene Bourque Chris Phillips Eric Brewer
Last Minutes Defensive
Center Left Wing Right Wing Defense Defense
Stephen Weiss Dany Heatley Rene Bourque Chris Phillips Eric Brewer
Goaltenders
Starting : Roberto Luongo
Backup : John Grahame
Extra Forwards
Normal : Valeri Bure, Alexei Ponikarovsky, Dave Scatchard - PP : Valeri Bure, Alexei Ponikarovsky - PK : Dave Scatchard
Extra Defensemen
Normal : Cory Sarich, Ian Moran, Nick Schultz - PP : Cory Sarich - PK : Ian Moran, Nick Schultz
Penalty Shots
Dany Heatley, Rene Bourque, Mike Cammalleri, Matt Pettinger, Stephen Weiss
Bruins
5 vs 5 Forward
Center Left Wing Right Wing Time % Phy DF OF
1 Eric Lindros Wojtek Wolski Daniel Briere 40 0 2 3
2 Jeff Carter Scott Hartnell Vitali Yachmenev 30 0 2 3
3 Wayne Primeau Matt Cooke Daniel Briere 20 1 2 2
4 Eric Lindros Wojtek Wolski Michael Ryder 10 1 2 2
5 vs 5 Defense
Defense Defense Time % Phy DF OF
1 Zdeno Chara Andrew Alberts 40 1 2 2
2 Ryan O'Byrne Joe Corvo 30 1 2 2
3 Richard Lintner Christoph Schubert 20 1 2 2
4 Zdeno Chara Andrew Alberts 10 1 2 2
PowerPlay Forward
Center Left Wing Right Wing Time % Phy DF OF
1 Eric Lindros Wojtek Wolski Daniel Briere 60 0 2 3
2 Jeff Carter Scott Hartnell Vitali Yachmenev 40 0 2 3
PowerPlay Defense
Defense Defense Time % Phy DF OF
1 Zdeno Chara Andrew Alberts 60 1 2 2
2 Ryan O'Byrne Joe Corvo 40 1 2 2
Penalty Kill 4 Players Forward
Center Wing Time % Phy DF OF
1 Eric Lindros Daniel Briere 60 1 3 1
2 Wojtek Wolski Wayne Primeau 40 1 3 1
Penalty Kill 4 Players Defense
Defense Defense Time % Phy DF OF
1 Zdeno Chara Andrew Alberts 60 1 3 1
2 Ryan O'Byrne Joe Corvo 40 1 3 1
Penalty Kill - 3 Players Forward
Forward Time % Phy DF OF
1 Eric Lindros 60 1 3 1
2 Wayne Primeau 40 1 3 1
Penalty Kill - 3 Players Defense
Defense Defense Time % Phy DF OF
1 Zdeno Chara Andrew Alberts 60 1 3 1
2 Ryan O'Byrne Joe Corvo 40 1 3 1
4 vs 4 Forward
Center Wing Time % Phy DF OF
1 Eric Lindros Daniel Briere 60 1 2 2
2 Wojtek Wolski Jeff Carter 40 1 2 2
4 vs 4 Defense
Defense Defense Time % Phy DF OF
1 Zdeno Chara Andrew Alberts 60 1 2 2
2 Ryan O'Byrne Joe Corvo 40 1 2 2
Last Minutes Offensive
Center Left Wing Right Wing Defense Defense
Eric Lindros Wojtek Wolski Daniel Briere Zdeno Chara Andrew Alberts
Last Minutes Defensive
Center Left Wing Right Wing Defense Defense
Eric Lindros Wojtek Wolski Daniel Briere Zdeno Chara Ryan O'Byrne
Goaltenders
Starting : Evgeni Nabokov
Backup : Scott Clemmensen
Extra Forwards
Normal : Michael Ryder, Scottie Upshall, Matt Cooke - PP : Michael Ryder, Scottie Upshall - PK : Matt Cooke
Extra Defensemen
Normal : Richard Lintner, Christoph Schubert, Ryan O'Byrne - PP : Richard Lintner - PK : Christoph Schubert, Ryan O'Byrne
Penalty Shots
Eric Lindros, Jeff Carter, Wojtek Wolski, Daniel Briere, Zdeno Chara
% Time on Ice - Nordiques
Lines # - Real PCT - Wanted PCT - Time Play
Normal Forward
1 - 33% - 40% - 15:29
2 - 33% - 30% - 15:41
3 - 26% - 20% - 12:31
4 - 8% - 10% - 3:57
Normal Defense
1 - 40% - 40% - 18:51
2 - 30% - 30% - 14:05
3 - 19% - 20% - 8:54
4 - 12% - 10% - 5:48
PP Forward
1 - 52% - 60% - 3:40
2 - 48% - 40% - 3:23
PP Defense
1 - 56% - 60% - 3:58
2 - 44% - 40% - 3:05
PK Forward
1 - 73% - 60% - 3:47
2 - 27% - 40% - 1:22
PK Defense
1 - 51% - 60% - 2:37
2 - 49% - 40% - 2:32
PK3 Forward
1 - 0% - 60%
2 - 0% - 40%
PK3 Defense
1 - 0% - 60%
2 - 0% - 40%
44 Forward
1 - 0% - 60%
2 - 0% - 40%
44 Defense
1 - 0% - 60%
2 - 0% - 40%
Last Minute Offensive - 0:10
Last Minute Defensive - 0:00
Total
Forward - 60:00
Defense - 60:00
|
% Time on Ice - Bruins
Lines # - Real PCT - Wanted PCT - Time Play
Normal Forward
1 - 27% - 40% - 12:54
2 - 37% - 30% - 17:45
3 - 23% - 20% - 11:04
4 - 12% - 10% - 5:54
Normal Defense
1 - 39% - 40% - 18:20
2 - 31% - 30% - 14:44
3 - 27% - 20% - 12:59
4 - 3% - 10% - 1:34
PP Forward
1 - 56% - 60% - 2:52
2 - 44% - 40% - 2:17
PP Defense
1 - 52% - 60% - 2:42
2 - 48% - 40% - 2:27
PK Forward
1 - 83% - 60% - 5:50
2 - 17% - 40% - 1:13
PK Defense
1 - 62% - 60% - 4:22
2 - 38% - 40% - 2:41
PK3 Forward
1 - 0% - 60%
2 - 0% - 40%
PK3 Defense
1 - 0% - 60%
2 - 0% - 40%
44 Forward
1 - 0% - 60%
2 - 0% - 40%
44 Defense
1 - 0% - 60%
2 - 0% - 40%
Last Minute Offensive - 0:00
Last Minute Defensive - 0:11
Total
Forward - 60:00
Defense - 60:00
|
Play by Play
1st period
0:01 of 1st period - Eric Lindros wins face-off versus Stephen Weiss in neutral zone.
0:04 of 1st period - Eric Brewer is hit by Andrew Alberts and loses puck.
0:27 of 1st period - Andrew Alberts is hit by Eric Brewer and loses puck.
0:32 of 1st period - Snap shot by Kris Vernarsky.
0:32 of 1st period - Stopped by Evgeni Nabokov with a rebound.
0:52 of 1st period - Wrist shot by Daniel Briere.
0:52 of 1st period - Shot Blocked by Valeri Bure.
0:54 of 1st period - Slapshot by Zdeno Chara.
0:54 of 1st period - Shot Misses the Net.
0:56 of 1st period - Wrist shot by Matt Cooke.
0:56 of 1st period - Stopped by Roberto Luongo with a rebound.
1:36 of 1st period - Snap shot by Matt Cooke.
1:36 of 1st period - Shot Blocked by Brian Gionta.
1:59 of 1st period - Icing by Lubomir Visnovsky.
2:00 of 1st period - Wayne Primeau wins face-off versus Kris Vernarsky in Nordiques zone.
2:01 of 1st period - Slapshot by Daniel Briere.
2:01 of 1st period - Deflect By Jeff Carter.
2:01 of 1st period - Stopped by Roberto Luongo with a rebound.
2:03 of 1st period - Slapshot by Scott Hartnell.
2:03 of 1st period - Stopped by Roberto Luongo without a rebound.
2:04 of 1st period - Jeff Carter wins face-off versus Stephen Weiss in Nordiques zone.
2:49 of 1st period - Off-side.
2:50 of 1st period - Kris Vernarsky wins face-off versus Wayne Primeau in neutral zone.
3:17 of 1st period - Joe Corvo is hit by Rene Bourque and loses puck.
3:30 of 1st period - Slapshot by Stephen Weiss.
3:30 of 1st period - Stopped by Evgeni Nabokov without a rebound.
3:31 of 1st period - Dave Scatchard wins face-off versus Wojtek Wolski in Bruins zone.
3:57 of 1st period - Valeri Bure is hit by Matt Cooke and loses puck.
4:22 of 1st period - Wrist shot by Rene Bourque.
4:22 of 1st period - Shot Blocked by Jeff Carter.
4:24 of 1st period - Wrist shot by Dany Heatley.
4:24 of 1st period - Shot Misses the Net.
4:40 of 1st period - Wrist shot by Eric Lindros.
4:40 of 1st period - Shot Misses the Net.
5:06 of 1st period - Slapshot by Wayne Primeau.
5:06 of 1st period - Shot Blocked by Lubomir Visnovsky.
7:06 of 1st period - Minor Penalty to Brian Gionta for Hooking.
7:07 of 1st period - Dany Heatley wins face-off versus Jeff Carter in Nordiques zone.
7:38 of 1st period - Wrist shot by Wojtek Wolski.
7:38 of 1st period - Shot Blocked by Matt Pettinger.
7:40 of 1st period - Slapshot by Andrew Alberts.
7:40 of 1st period - Shot Blocked by Chris Phillips.
8:36 of 1st period - Dave Scatchard is hit by Jeff Carter and loses puck.
8:53 of 1st period - Matt Pettinger is hit by Zdeno Chara and loses puck.
9:06 of 1st period - Penalty to Brian Gionta is over, Brian Gionta is back on ice.
9:18 of 1st period - Chris Phillips is hit by Matt Cooke and loses puck.
9:48 of 1st period - Scott Hartnell is hit by Valeri Bure and loses puck.
10:39 of 1st period - Stephen Weiss is hit by Eric Lindros and loses puck.
11:34 of 1st period - Ian Moran is hit by Christoph Schubert and loses puck.
15:11 of 1st period - Matt Pettinger is hit by Vitali Yachmenev and loses puck.
15:53 of 1st period - Alexei Ponikarovsky is hit by Scottie Upshall and loses puck.
17:00 of 1st period - Scottie Upshall is hit by Rene Bourque and loses puck.
19:35 of 1st period - Cory Sarich is hit by Wayne Primeau and loses puck.
2nd period
0:01 of 2nd period - Stephen Weiss wins face-off versus Eric Lindros in neutral zone.
0:04 of 2nd period - Daniel Briere is hit by Eric Brewer and loses puck.
0:26 of 2nd period - Eric Brewer is hit by Zdeno Chara and loses puck.
1:32 of 2nd period - Lubomir Visnovsky is hit by Andrew Alberts and loses puck.
2:19 of 2nd period - Dany Heatley is hit by Jeff Carter and loses puck.
3:01 of 2nd period - Scott Hartnell is hit by Dany Heatley and loses puck.
3:08 of 2nd period - Eric Brewer is hit by Vitali Yachmenev and loses puck.
3:14 of 2nd period - Minor Penalty to Eric Lindros for Hooking.
3:15 of 2nd period - Kris Vernarsky wins face-off versus Matt Cooke in Bruins zone.
3:28 of 2nd period - Snap shot by Mike Cammalleri.
3:28 of 2nd period - Shot Misses the Net.
3:30 of 2nd period - Snap shot by Mike Cammalleri.
3:30 of 2nd period - Stopped by Evgeni Nabokov without a rebound.
3:31 of 2nd period - Stephen Weiss wins face-off versus Matt Cooke in Bruins zone.
3:36 of 2nd period - Snap shot by Dany Heatley.
3:36 of 2nd period - Shot Misses the Net.
3:48 of 2nd period - Matt Cooke is hit by Dany Heatley and loses puck.
4:41 of 2nd period - Eric Brewer is hit by Scott Hartnell and loses puck.
5:14 of 2nd period - Penalty to Eric Lindros is over, Eric Lindros is back on ice.
5:15 of 2nd period - Minor Penalty to Matt Pettinger for Tripping.
5:16 of 2nd period - Dany Heatley wins face-off versus Eric Lindros in Nordiques zone.
5:48 of 2nd period - Slapshot by Joe Corvo.
5:48 of 2nd period - Stopped by Roberto Luongo with a rebound.
5:50 of 2nd period - Wrist shot by Scott Hartnell.
5:50 of 2nd period - Shot Blocked by Chris Phillips.
7:11 of 2nd period - Alexei Ponikarovsky is hit by Daniel Briere and loses puck.
7:15 of 2nd period - Penalty to Matt Pettinger is over, Matt Pettinger is back on ice.
7:32 of 2nd period - Matt Pettinger is hit by Matt Cooke and loses puck.
8:46 of 2nd period - Rene Bourque is hit by Michael Ryder and loses puck.
9:11 of 2nd period - Vitali Yachmenev is hit by Alexei Ponikarovsky and loses puck.
12:03 of 2nd period - Icing by Chris Phillips.
12:04 of 2nd period - Eric Lindros wins face-off versus Dave Scatchard in Nordiques zone.
13:08 of 2nd period - Minor Penalty to Wayne Primeau for Tripping.
13:09 of 2nd period - Stephen Weiss wins face-off versus Eric Lindros in Bruins zone.
13:12 of 2nd period - Snap shot by Rene Bourque.
13:12 of 2nd period - Goal by Rene Bourque - Nordiques : 1 - Bruins : 0.
13:13 of 2nd period - Eric Lindros wins face-off versus Stephen Weiss in neutral zone.
13:26 of 2nd period - Wrist shot by Eric Lindros.
13:26 of 2nd period - Shot Misses the Net.
13:32 of 2nd period - Wojtek Wolski is hit by Dany Heatley and loses puck.
13:49 of 2nd period - Wrist shot by Vitali Yachmenev.
13:49 of 2nd period - Shot Misses the Net.
13:51 of 2nd period - Backhand shot by Jeff Carter.
13:51 of 2nd period - Goal by Jeff Carter - Nordiques : 1 - Bruins : 1.
13:52 of 2nd period - Eric Lindros wins face-off versus Stephen Weiss in neutral zone.
14:25 of 2nd period - Snap shot by Mike Cammalleri.
14:25 of 2nd period - Stopped by Evgeni Nabokov without a rebound.
14:26 of 2nd period - Scott Hartnell wins face-off versus Kris Vernarsky in Bruins zone.
14:35 of 2nd period - Snap shot by Mike Cammalleri.
14:35 of 2nd period - Deflect By Kris Vernarsky.
14:35 of 2nd period - Stopped by Evgeni Nabokov with a rebound.
14:37 of 2nd period - Snap shot by Kris Vernarsky.
14:37 of 2nd period - Shot Misses the Net.
14:39 of 2nd period - Slapshot by Karel Pilar.
14:39 of 2nd period - Shot Misses the Net.
14:41 of 2nd period - Snap shot by Kris Vernarsky.
14:41 of 2nd period - Stopped by Evgeni Nabokov without a rebound.
14:42 of 2nd period - Stephen Weiss wins face-off versus Eric Lindros in Bruins zone.
14:43 of 2nd period - Snap shot by Rene Bourque.
14:43 of 2nd period - Shot Misses the Net.
14:49 of 2nd period - Eric Brewer is hit by Wojtek Wolski and loses puck.
14:58 of 2nd period - Snap shot by Daniel Briere.
14:58 of 2nd period - Shot Blocked by Chris Phillips.
15:08 of 2nd period - Kris Vernarsky is hit by Jeff Carter and loses puck.
15:31 of 2nd period - Snap shot by Lubomir Visnovsky.
15:31 of 2nd period - Stopped by Evgeni Nabokov with a rebound.
15:33 of 2nd period - Snap shot by Lubomir Visnovsky.
15:33 of 2nd period - Stopped by Evgeni Nabokov without a rebound.
15:34 of 2nd period - Dave Scatchard wins face-off versus Jeff Carter in Bruins zone.
15:44 of 2nd period - Wrist shot by Dave Scatchard.
15:44 of 2nd period - Shot Blocked by Andrew Alberts.
15:52 of 2nd period - Zdeno Chara is hit by Matt Pettinger and loses puck.
16:21 of 2nd period - Jeff Carter is hit by Matt Pettinger and loses puck.
16:30 of 2nd period - Snap shot by Valeri Bure.
16:30 of 2nd period - Shot Misses the Net.
16:46 of 2nd period - Slapshot by Scott Hartnell.
16:46 of 2nd period - Stopped by Roberto Luongo without a rebound.
16:47 of 2nd period - Stephen Weiss wins face-off versus Eric Lindros in Nordiques zone.
18:14 of 2nd period - Andrew Alberts is hit by Dany Heatley and loses puck.
19:53 of 2nd period - Kris Vernarsky is hit by Scottie Upshall and loses puck.
3rd period
0:01 of 3rd period - Stephen Weiss wins face-off versus Eric Lindros in neutral zone.
0:33 of 3rd period - Snap shot by Kris Vernarsky.
0:33 of 3rd period - Shot Misses the Net.
0:35 of 3rd period - Snap shot by Kris Vernarsky.
0:35 of 3rd period - Shot Misses the Net.
0:45 of 3rd period - Slapshot by Matt Pettinger.
0:45 of 3rd period - Shot Misses the Net.
0:47 of 3rd period - Wrist shot by Valeri Bure.
0:47 of 3rd period - Shot Misses the Net.
0:49 of 3rd period - Wrist shot by Dave Scatchard.
0:49 of 3rd period - Stopped by Evgeni Nabokov without a rebound.
0:50 of 3rd period - Stephen Weiss wins face-off versus Wayne Primeau in Bruins zone.
0:51 of 3rd period - Snap shot by Dany Heatley.
0:51 of 3rd period - Shot Misses the Net.
0:53 of 3rd period - Slapshot by Ian Moran.
0:53 of 3rd period - Shot Blocked by Daniel Briere.
0:55 of 3rd period - Snap shot by Stephen Weiss.
0:55 of 3rd period - Shot Blocked by Joe Corvo.
0:57 of 3rd period - Slapshot by Cory Sarich.
0:57 of 3rd period - Shot Misses the Net.
0:59 of 3rd period - Snap shot by Rene Bourque.
0:59 of 3rd period - Stopped by Evgeni Nabokov without a rebound.
1:00 of 3rd period - Eric Lindros wins face-off versus Stephen Weiss in Bruins zone.
1:11 of 3rd period - Wrist shot by Eric Lindros.
1:11 of 3rd period - Shot Misses the Net.
1:13 of 3rd period - Slapshot by Eric Lindros.
1:13 of 3rd period - Goal by Eric Lindros - Nordiques : 1 - Bruins : 2.
1:14 of 3rd period - Eric Lindros wins face-off versus Stephen Weiss in neutral zone.
1:27 of 3rd period - Snap shot by Rene Bourque.
1:27 of 3rd period - Shot Blocked by Wojtek Wolski.
1:29 of 3rd period - Snap shot by Rene Bourque.
1:29 of 3rd period - Stopped by Evgeni Nabokov with a rebound.
2:06 of 3rd period - Snap shot by Daniel Briere.
2:06 of 3rd period - Stopped by Roberto Luongo without a rebound.
2:07 of 3rd period - Stephen Weiss wins face-off versus Eric Lindros in Nordiques zone.
2:07 of 3rd period - Stephen Weiss is hit by Joe Corvo.
2:21 of 3rd period - Wrist shot by Wojtek Wolski.
2:21 of 3rd period - Stopped by Roberto Luongo without a rebound.
2:22 of 3rd period - Stephen Weiss wins face-off versus Eric Lindros in Nordiques zone.
2:22 of 3rd period - Stephen Weiss is hit by Daniel Briere.
2:29 of 3rd period - Off-side.
2:30 of 3rd period - Daniel Briere wins face-off versus Stephen Weiss in neutral zone.
2:39 of 3rd period - Daniel Briere is hit by Dany Heatley and loses puck.
2:52 of 3rd period - Slapshot by Eric Lindros.
2:52 of 3rd period - Stopped by Roberto Luongo without a rebound.
2:53 of 3rd period - Kris Vernarsky wins face-off versus Jeff Carter in Nordiques zone.
2:58 of 3rd period - Wrist shot by Mike Cammalleri.
2:58 of 3rd period - Stopped by Evgeni Nabokov with a rebound.
3:00 of 3rd period - Slapshot by Lubomir Visnovsky.
3:00 of 3rd period - Stopped by Evgeni Nabokov without a rebound.
3:01 of 3rd period - Kris Vernarsky wins face-off versus Jeff Carter in Bruins zone.
3:02 of 3rd period - Wrist shot by Brian Gionta.
3:02 of 3rd period - Shot Hit the Post.
3:04 of 3rd period - Snap shot by Mike Cammalleri.
3:04 of 3rd period - Shot Misses the Net.
3:06 of 3rd period - Snap shot by Mike Cammalleri.
3:06 of 3rd period - Stopped by Evgeni Nabokov with a rebound.
3:08 of 3rd period - Wrist shot by Brian Gionta.
3:08 of 3rd period - Shot Misses the Net.
3:10 of 3rd period - Snap shot by Brian Gionta.
3:10 of 3rd period - Stopped by Evgeni Nabokov without a rebound.
3:11 of 3rd period - Eric Lindros wins face-off versus Stephen Weiss in Bruins zone.
3:41 of 3rd period - Chris Phillips is hit by Joe Corvo and loses puck.
3:58 of 3rd period - Wrist shot by Daniel Briere.
3:58 of 3rd period - Deflect By Matt Cooke.
3:58 of 3rd period - Stopped by Roberto Luongo with a rebound.
4:54 of 3rd period - Michael Ryder is hit by Alexei Ponikarovsky and loses puck.
5:11 of 3rd period - Snap shot by Vitali Yachmenev.
5:11 of 3rd period - Shot Blocked by Mike Cammalleri.
5:24 of 3rd period - Minor Penalty to Jeff Carter for Hooking.
5:25 of 3rd period - Eric Lindros wins face-off versus Stephen Weiss in Bruins zone.
5:50 of 3rd period - Daniel Briere is hit by Kris Vernarsky and loses puck.
5:57 of 3rd period - Wrist shot by Mike Cammalleri.
5:57 of 3rd period - Stopped by Evgeni Nabokov without a rebound.
5:58 of 3rd period - Rene Bourque wins face-off versus Eric Lindros in Bruins zone.
6:03 of 3rd period - Snap shot by Stephen Weiss.
6:03 of 3rd period - Stopped by Evgeni Nabokov without a rebound.
6:04 of 3rd period - Stephen Weiss wins face-off versus Eric Lindros in Bruins zone.
6:45 of 3rd period - Off-side.
6:46 of 3rd period - Wojtek Wolski wins face-off versus Kris Vernarsky in neutral zone.
7:14 of 3rd period - Wrist shot by Eric Lindros.
7:14 of 3rd period - Stopped by Roberto Luongo with a rebound.
7:24 of 3rd period - Penalty to Jeff Carter is over, Jeff Carter is back on ice.
7:34 of 3rd period - Slapshot by Valeri Bure.
7:34 of 3rd period - Shot Blocked by Zdeno Chara.
7:36 of 3rd period - Slapshot by Eric Brewer.
7:36 of 3rd period - Stopped by Evgeni Nabokov with a rebound.
7:38 of 3rd period - Wrist shot by Dave Scatchard.
7:38 of 3rd period - Stopped by Evgeni Nabokov with a rebound.
7:42 of 3rd period - Slapshot by Matt Pettinger.
7:42 of 3rd period - Shot Blocked by Zdeno Chara.
8:24 of 3rd period - Snap shot by Michael Ryder.
8:24 of 3rd period - Stopped by Roberto Luongo without a rebound.
8:25 of 3rd period - Kris Vernarsky wins face-off versus Jeff Carter in Nordiques zone.
8:30 of 3rd period - Vitali Yachmenev is hit by Brian Gionta and loses puck.
8:49 of 3rd period - Daniel Briere is hit by Eric Brewer and loses puck.
8:53 of 3rd period - Minor Penalty to Christoph Schubert for High sticking.
8:54 of 3rd period - Rene Bourque wins face-off versus Eric Lindros in Bruins zone.
9:07 of 3rd period - Wrist shot by Rene Bourque.
9:07 of 3rd period - Stopped by Evgeni Nabokov with a rebound.
9:09 of 3rd period - Snap shot by Rene Bourque.
9:09 of 3rd period - Stopped by Evgeni Nabokov with a rebound.
9:25 of 3rd period - Slapshot by Eric Brewer.
9:25 of 3rd period - Stopped by Evgeni Nabokov without a rebound.
9:26 of 3rd period - Wayne Primeau wins face-off versus Stephen Weiss in Bruins zone.
9:43 of 3rd period - Slapshot by Mike Cammalleri.
9:43 of 3rd period - Shot Misses the Net.
9:45 of 3rd period - Slapshot by Brian Gionta.
9:45 of 3rd period - Stopped by Evgeni Nabokov with a rebound.
9:47 of 3rd period - Snap shot by Kris Vernarsky.
9:47 of 3rd period - Stopped by Evgeni Nabokov with a rebound.
9:49 of 3rd period - Slapshot by Karel Pilar.
9:49 of 3rd period - Deflect By Kris Vernarsky.
9:49 of 3rd period - Shot Misses the Net.
9:49 of 3rd period - Puck is out of play.
9:50 of 3rd period - Eric Lindros wins face-off versus Stephen Weiss in Bruins zone.
9:50 of 3rd period - Eric Lindros is hit by Rene Bourque.
10:39 of 3rd period - Ryan O'Byrne is hit by Lubomir Visnovsky and loses puck.
10:53 of 3rd period - Penalty to Christoph Schubert is over, Christoph Schubert is back on ice.
11:02 of 3rd period - Wrist shot by Jeff Carter.
11:02 of 3rd period - Shot Misses the Net.
11:11 of 3rd period - Minor Penalty to Zdeno Chara for Interference.
11:12 of 3rd period - Eric Lindros wins face-off versus Mike Cammalleri in Bruins zone.
11:15 of 3rd period - Slapshot by Kris Vernarsky.
11:15 of 3rd period - Shot Misses the Net.
11:17 of 3rd period - Wrist shot by Brian Gionta.
11:17 of 3rd period - Shot Misses the Net.
11:19 of 3rd period - Slapshot by Mike Cammalleri.
11:19 of 3rd period - Shot Misses the Net.
11:21 of 3rd period - Wrist shot by Kris Vernarsky.
11:21 of 3rd period - Stopped by Evgeni Nabokov without a rebound.
11:22 of 3rd period - Kris Vernarsky wins face-off versus Eric Lindros in Bruins zone.
11:39 of 3rd period - Wrist shot by Brian Gionta.
11:39 of 3rd period - Shot Misses the Net.
11:55 of 3rd period - Wrist shot by Kris Vernarsky.
11:55 of 3rd period - Stopped by Evgeni Nabokov without a rebound.
11:56 of 3rd period - Stephen Weiss wins face-off versus Eric Lindros in Bruins zone.
11:57 of 3rd period - Snap shot by Dany Heatley.
11:57 of 3rd period - Shot Misses the Net.
11:59 of 3rd period - Wrist shot by Stephen Weiss.
11:59 of 3rd period - Stopped by Evgeni Nabokov without a rebound.
12:00 of 3rd period - Stephen Weiss wins face-off versus Eric Lindros in Bruins zone.
12:11 of 3rd period - Snap shot by Dany Heatley.
12:11 of 3rd period - Stopped by Evgeni Nabokov with a rebound.
12:13 of 3rd period - Slapshot by Karel Pilar.
12:13 of 3rd period - Goal by Karel Pilar - Nordiques : 2 - Bruins : 2.
12:14 of 3rd period - Eric Lindros wins face-off versus Stephen Weiss in neutral zone.
12:48 of 3rd period - Wrist shot by Lubomir Visnovsky.
12:48 of 3rd period - Shot Misses the Net.
13:04 of 3rd period - Slapshot by Zdeno Chara.
13:04 of 3rd period - Shot Blocked by Karel Pilar.
13:06 of 3rd period - Snap shot by Wayne Primeau.
13:06 of 3rd period - Shot Misses the Net.
13:08 of 3rd period - Slapshot by Zdeno Chara.
13:08 of 3rd period - Deflect By Wayne Primeau.
13:08 of 3rd period - Stopped by Roberto Luongo without a rebound.
13:09 of 3rd period - Stephen Weiss wins face-off versus Eric Lindros in Nordiques zone.
13:09 of 3rd period - Stephen Weiss is hit by Wojtek Wolski.
13:15 of 3rd period - Slapshot by Daniel Briere.
13:15 of 3rd period - Shot Misses the Net.
13:19 of 3rd period - Snap shot by Wojtek Wolski.
13:19 of 3rd period - Shot Misses the Net.
13:21 of 3rd period - Slapshot by Joe Corvo.
13:21 of 3rd period - Stopped by Roberto Luongo with a rebound.
13:37 of 3rd period - Snap shot by Mike Cammalleri.
13:37 of 3rd period - Deflect By Brian Gionta.
13:37 of 3rd period - Stopped by Evgeni Nabokov with a rebound.
13:39 of 3rd period - Wrist shot by Mike Cammalleri.
13:39 of 3rd period - Stopped by Evgeni Nabokov with a rebound.
13:41 of 3rd period - Slapshot by Lubomir Visnovsky.
13:41 of 3rd period - Deflect By Vitali Yachmenev.
13:41 of 3rd period - Stopped by Evgeni Nabokov without a rebound.
13:42 of 3rd period - Dany Heatley wins face-off versus Eric Lindros in Bruins zone.
13:43 of 3rd period - Slapshot by Stephen Weiss.
13:43 of 3rd period - Shot Misses the Net.
13:51 of 3rd period - Stephen Weiss is hit by Andrew Alberts and loses puck.
14:31 of 3rd period - Lubomir Visnovsky is hit by Matt Cooke.
14:32 of 3rd period - Minor Penalty to Matt Pettinger for Boarding.
14:33 of 3rd period - Dany Heatley wins face-off versus Eric Lindros in Nordiques zone.
14:40 of 3rd period - Snap shot by Wojtek Wolski.
14:40 of 3rd period - Shot Misses the Net.
14:42 of 3rd period - Snap shot by Wojtek Wolski.
14:42 of 3rd period - Goal by Wojtek Wolski - Nordiques : 2 - Bruins : 3.
14:43 of 3rd period - Eric Lindros wins face-off versus Stephen Weiss in neutral zone.
15:14 of 3rd period - Snap shot by Joe Corvo.
15:14 of 3rd period - Stopped by Roberto Luongo without a rebound.
15:15 of 3rd period - Eric Lindros wins face-off versus Kris Vernarsky in Nordiques zone.
17:11 of 3rd period - Vitali Yachmenev is hit by Cory Sarich and loses puck.
17:24 of 3rd period - Eric Lindros is hit by Rene Bourque and loses puck.
17:37 of 3rd period - Brian Gionta is hit by Richard Lintner and loses puck.
18:54 of 3rd period - Stephen Weiss is hit by Eric Lindros and loses puck.
18:58 of 3rd period - Minor Penalty to Dany Heatley for Tripping.
18:59 of 3rd period - Dave Scatchard wins face-off versus Jeff Carter in Nordiques zone.
18:59 of 3rd period - Dave Scatchard is hit by Vitali Yachmenev.
Output by the SimonT Hockey Simulator (STHS) for François Prévost -- Original Page W3C XHTML 1.0 Valid